 Dungeon Crawl Stone Soup version 0.31.0-4-g52a2dc7128 (webtiles) character file.

Game seed: 4421538615677047634

232 BeingJoeMalik the Spear-Bearer (level 6, -10/44 HPs)
             Began as a Merfolk Warper on Jan 22, 2024.
             Was a Believer of Qazlal.
             Killed by divine providence
             ... invoked by an orc priest
              (12 damage)
             ... on level 4 of the Dungeon.
             The game lasted 00:08:54 (2959 turns).

BeingJoeMalik the Spear-Bearer (Merfolk Warper)     Turns: 2959, Time: 00:08:55

Health: -10/44     AC:  5    Str: 13    XL:     6   Next: 4%
Magic:  9/9        EV: 12    Int: 13    God:    Qazlal [**....]
Gold:   101        SH:  3    Dex: 13    Spells: 7/9 levels left

rFire   . . .        a - +0 spear (venom)
rCold   . . .        (no shield)
rNeg    . . .        b - +0 leather armour
rPois   .            (no helmet)
rElec   .            l - +0 cloak
rCorr   .            f - +0 pair of gloves
SInv    .            (no boots)
Will    .....        (no amulet)
Stlth   +            (no ring)
HPRegen 0.27/turn    (no ring)
MPRegen 0.11/turn

%: no passive effects
@: brilliant
A: (nimble swimmer 2), mertail
a: Renounce Religion, Upheaval


You were on level 4 of the Dungeon.
You worshipped Qazlal.
Qazlal was pleased with you.
You visited 2 branches of the dungeon, and saw 5 of its levels.

You collected 101 gold pieces.

Inventory:

Hand Weapons
 a - a +0 spear of venom (weapon)
Missiles
 d - 7 darts of dispersal (quivered)
Armour
 b - a +0 leather armour (worn)
 f - a +0 pair of gloves (worn)
 l - a +0 cloak (worn)
Jewellery
 j - a ring of ice
Scrolls
 c - 3 scrolls of blinking
 e - a scroll of identify
 g - a scroll of teleportation
 h - a scroll of fog
Potions
 m - a potion of enlightenment


   Skills:
 - Level 2.1 Fighting
 + Level 8.1 Polearms
 - Level 1.0 Throwing
 - Level 0.6 Armour
 - Level 2.6 Dodging
 - Level 2.0 Spellcasting
 - Level 2.4 Translocations


You had 7 spell levels left.
You knew the following spells:

 Your Spells              Type           Power      Damage    Failure   Level
a - Blink                 Tloc           22%        N/A       19%         2

Your spell library contained the following spells:

 Spells                   Type           Power      Damage    Failure   Level
 Lesser Beckoning         Tloc           22%        N/A       19%         2
 Summon Small Mammal      Summ           4%         N/A       32%         1
 Teleport Other           Tloc           11%        N/A       36%         3
 Ensorcelled Hibernation  Hex/Ice        2%         N/A       43%         2
 Call Canine Familiar     Summ           1%         N/A       67%         3
 Fugue of the Fallen      Necr           1%         N/A       67%         3
 Hailstorm                Conj/Ice       1%         3d5       67%         3
 Summon Ice Beast         Ice/Summ       1%         N/A       67%         3
 Manifold Assault         Tloc           11%        N/A       77%         4
 Vhi's Electric Charge    Tloc/Air       12%        N/A       89%         4
 Anguish                  Hex/Necr       0%         N/A       97%         4
 Summon Blazeheart Golem  Fire/Summ      1%         N/A       97%         4
 Sculpt Simulacrum        Ice/Alch       0%         N/A       100%        6


Dungeon Overview and Level Annotations

Branches:
Dungeon (4/15)             Temple (1/1) D:4

Altars:
Cheibriados
Elyvilon
Hepliaklqana
Nemelex Xobeh
Okawaru
Qazlal
Sif Muna
Vehumet
Wu Jian
Xom
Zin
The Shining One

Annotations:
D:3 3 runed translucent doors, BigPumpCobain's ghost, amateur TrFi


Innate Abilities, Weirdness & Mutations

((You are very nimble when in or above water. (Stealth+, EV+, Speed+++)))
Your lower body shifts to a powerful aquatic tail in water.


Message History

The orc priest looks satisfied for a moment.
Unknown command.
You're too confused to move!
The orc priest looks satisfied for a moment.
The orc misses you.
You bump into the rock wall.
Something hits you. The orc misses you.
You hit the orc priest.
The orc priest is poisoned.
The orc priest is lightly wounded.
The orc priest closely misses you. Something hits you.
* * * LOW HITPOINT WARNING * * *
Unknown command.
You bump into the rock wall.
The orc hits you with a +0 whip.
* * * LOW HITPOINT WARNING * * *
The orc priest hits you with a +0 flail.
* * * LOW HITPOINT WARNING * * *
Something hits you.
* * * LOW HITPOINT WARNING * * *
Unknown command.
It was a potion of brilliance.
You feel clever all of a sudden.
You feel less confused. The orc hits you with a +0 whip.
* * * LOW HITPOINT WARNING * * *
The orc priest casts a cantrip, but nothing happens.
Something hits you but does no damage.
Unknown command.
Okay, then.
Unknown command.
Unknown command.
You closely miss the orc priest.
The orc priest is heavily wounded.
The orc barely misses you.
The orc priest looks satisfied for a moment.
Something hits you but does no damage.
Unknown command.
You hit the orc priest.
The orc priest looks even sicker.
The orc priest is almost dead.
The orc barely misses you.
The orc priest invokes the aid of Beogh against you.
Beogh smites you!
You die...

#....#o.#.##...#.......##
......{.......#........#
##..o.#......#.........
#....o##...............
#...#o##..............#
###)..# #..............
##..####..#...........
#...###.....##.....>..
#...o@...###.##.#.....
##..o{#..##.....#.....
##...#............#..
######.........##...
##.............
#.........#...
#........##...
##..##.#####.. ### ## ###


You could see an orc priest (very poisoned) and an orc.

Vanquished Creatures
  An orc priest (D:4)
  A sleepcap (D:3)
  An orc wizard (D:3)
  Robin (D:3)
  2 gnolls (D:1)
  4 adders
  3 dart slugs
  7 orcs
  5 bats
  5 endoplasms
  2 giant cockroaches (D:1)
  7 goblins
  10 hobgoblins
  7 quokkas
  4 ball pythons
  A frilled lizard (D:3)
  3 kobolds
  8 rats
72 creatures vanquished.

Vanquished Creatures (collateral kills)
  An endoplasm (D:2)
1 creature vanquished.

Vanquished Creatures (others)
  2 goblins (D:3)
2 creatures vanquished.

Grand Total: 75 creatures vanquished

Notes
Turn   | Place    | Note
-------+----------+-------------------------------------------
     0 | D:1      | BeingJoeMalik the Merfolk Warper began the quest for the
                  | Orb.
     0 | D:1      | Reached XP level 1. HP: 16/16 MP: 3/3
    29 | D:1      | Reached skill level 3 in Polearms
    48 | D:1      | Reached XP level 2. HP: 22/22 MP: 5/5
    51 | D:1      | Learned a level 2 spell: Blink
   179 | D:1      | Reached skill level 4 in Polearms
   356 | D:1      | Reached XP level 3. HP: 23/27 MP: 6/6
   388 | D:1      | Found a faded altar of an unknown god.
   407 | D:1      | Prayed at the altar of an unknown god.
   407 | D:1      | Became a worshipper of Qazlal Stormbringer
   407 | D:1      | Reached * piety under Qazlal
   445 | D:1      | Reached skill level 5 in Polearms
   945 | D:2      | Reached XP level 4. HP: 28/33 MP: 7/7
  1659 | D:3      | Found a runed translucent gate.
  1659 | D:3      | Found a runed translucent gate.
  1661 | D:3      | Found a runed translucent gate.
  1662 | D:3      | Noticed BigPumpCobain's ghost (amateur TrFi)
  1773 | D:3      | Identified the +1 scale mail "Elal" {rF+ rC- Regen+ Dex+3}
  1850 | D:3      | Reached skill level 6 in Polearms
  1881 | D:3      | Reached ** piety under Qazlal
  2065 | D:3      | Reached XP level 5. HP: 31/38 MP: 8/8
  2195 | D:3      | Reached skill level 7 in Polearms
  2455 | D:3      | Noticed Robin
  2487 | D:3      | Killed Robin
  2765 | D:4      | Found a staircase to the Ecumenical Temple.
  2795 | Temple   | Entered the Ecumenical Temple
  2950 | D:4      | Reached skill level 8 in Polearms
  2950 | D:4      | Reached XP level 6. HP: 14/44 MP: 9/9
  2957 | D:4      | HP: 1/44 [orc/+0 whip (3)]
  2959 | D:4      | Killed from afar by an orc priest

Illustrated notes

Levels and vault maps discovered:
D:1:      dpeg_arrival_erosion, layout_rooms,
          shapermc_ecumenical_altar_starsandcircs, minmay_misc_feat_cross
D:2:      layout_loops_corners, nicolae_hexahallways
D:3:      layout_basic, biasface_ghost_orc_armoury, uniq_robin
D:4:      layout_cave_pools, mainiacjoe_overflow_alcove_2,
          nicolae_overflow_crystal_walls, minmay_temple_entry_tees
Temple:   bh_familiar_temple

Skill      XL: |  1  2  3  4  5 |
---------------+----------------+-----
Polearms       | 3 4 5 6 8 |  8.1
Fighting       | |  2.1
Throwing       | |  1.0
Armour         | |  0.6
Dodging        | |  2.6
Spellcasting   | |  2.0
Translocations | |  2.4

Action                     |  1- 3 |  4- 6 || total
---------------------------+-------+-------++-------
  Melee: Spear             |   125 |   210 ||   335
         Tailslap          |     1 |       ||     1
         Punch             |       |     5 ||     5
    Use: Potion            |     1 |     4 ||     5
         Scroll            |     3 |     7 ||    10
   Stab: Sleeping          |     1 |       ||     1
         Invisible         |       |     7 ||     7
 Armour: Leather armour    |    36 |   102 ||   138
  Dodge: Dodged            |    59 |    93 ||   152
  Block: Other             |       |     9 ||     9
